Unix NetHack Version 5.0.0-0 post-release - last build May 23 2026 06:08:33 (1c0ff79ee797540d5714e4e18072db0edd9e58ae,branch:main).

Game began 2026-05-29 10:54:57, ended 2026-05-29 23:02:25.

FalseGod, chaotic male elven Wizard

     ---------------    ----------
     |.............|    |.........#
     |<..@.........|    |........|#
     |..ifa....`...|    |........|#
     |.............|   #.........|#
     -------.-----.-   #|`.......|#
            ######     #-|--------#
               ##      # ^        #
              ##      ##          #   ------
              -.------#           #   |....|
              |.>.....###         #  #|....|
              |......|# #    -----####|....|              ---|-
              |......-# #####|`..|   #|....|              |...|
              |...----      #....|   #-.....####          |...|
              |...|          |...|   #|....|   #####      |....        ......|
              |...|          |...-####------       #####  |...|
              -----          -----                     ###-...|
                                                          -----

FalseGod the Thaumaturge  St:11 Dx:11 Co:14 In:19 Wi:13 Ch:12  Chaotic
Dlvl:6  $:77 HP:0(35) Pw:17(79) AC:0  Xp:7 T:6668  Satiated

Latest messages:
 You miss the imp.
 The imp hits!
 The fire ant bites!
 The fire ant bites again!
 You're on fire!
 The imp hits!
 What do you want to drop? [$b-jln-vxyABE-NP-SVWYZ or ?*] <esc>
 Never mind.
 You drop an uncursed scroll labeled HAPAX LEGOMENON.
 You drop a scroll labeled NR 9.
 You drop a scroll labeled PRIRUTSENIE.
 You drop 3 uncursed scrolls called remove curse.
 You drop an uncursed scroll of enchant armor.
 You drop an uncursed scroll of enchant weapon.
 You drop 2 scrolls of teleportation.
 You drop an uncursed brilliant blue potion.
 You drop a cloudy potion.
 Your movements are now unencumbered.
 You drop 2 uncursed cyan potions.
 You drop a dark potion.
 You drop an emerald potion.
 You drop 5 uncursed potions called healing.
 The fire ant just misses!
 The fire ant bites!
 You avoid harm.
 The imp hits!
 "Go ahead, fetch thy mama!  I shall wait."
 The large cat bites the imp.
 The imp hits the large cat.
 The fire ant bites!
 The fire ant bites again!
 You're on fire!
 Are you sure you want to pray? [yn] (n) y
 You begin praying to Anhur.
 The large cat misses the imp.
 The fire ant just misses!
 The fire ant bites!
 You avoid harm.
 The imp misses!
 The large cat misses the imp.
 The large cat misses the imp.
 The fire ant bites!
 The fire ant misses!
 The imp hits!
 You die...
 Do you want your possessions identified? [ynq] (y) y
 Do you want to see your attributes? [ynq] (y) y
 Do you want an account of creatures vanquished? [ynaq] (y) n
 Do you want to see your conduct and achievements? [ynq] (y) n
 Do you want to see the dungeon overview? [ynq] (y) n

Inventory:
 Coins    ('$')
  $ - 77 gold pieces
 Weapons  (')')
  t - 2 cursed -1 ya (in quiver)
  V - a +0 elven dagger (weapon in right hand)
 Armor    ('[')
  G - an uncursed +2 pair of leather gloves (being worn)
  L - an uncursed +0 pair of low boots (being worn)
  M - a blessed +0 small shield (being worn)
  b - an uncursed greased +1 cloak of magic resistance (being worn)
  u - an uncursed +0 studded leather armor (being worn)
 Comestibles  ('%')
  W - a cursed eucalyptus leaf
  J - 3 uncursed food rations
  j - an uncursed melon
  l - an uncursed lizard corpse
 Rings    ('=')
  d - an uncursed ring of fire resistance
  F - an uncursed ring of invisibility
  h - an uncursed ring of stealth
  e - an uncursed ring of sustain ability
 Wands    ('/')
  q - a wand of cancellation (0:4)
  P - a wand of cold (0:3)
  c - a wand of light (0:11)
  Q - a wand of magic missile (0:7)
  R - a wand of polymorph (0:6)
  B - a wand of undead turning (0:3)
 Tools    ('(')
  o - an uncursed wooden harp
  A - a can of grease (0:7)
  n - a magic marker (0:19)
  Z - a cursed skeleton key
  s - an uncursed stethoscope
  f - a +0 unicorn horn
 Gems/Stones  ('*')
  g - a cursed worthless piece of violet glass

FalseGod the Wizard's attributes:

Background:
 You were a Thaumaturge, a level 7 male elven Wizard.
 You were chaotic, on a mission for Anhur
 who was opposed by Ptah (lawful) and Thoth (neutral).
 You were right-handed.
 You were in the Dungeons of Doom, on level 6.
 You entered the dungeon 6668 turns ago.
 It was nighttime.
 You had 1137 experience points, 143 more were needed to attain level 8.

Basics:
 You had 0 out of 35 hit points.
 You had 17 out of 79 energy points (spell power).
 Your armor class was 0.
 Your wallet contained 77 zorkmids.
 Autopickup was off.

Final Characteristics:
 Your strength was 11 (limit:18).
 Your dexterity was 11 (limit:18).
 Your constitution was 14 (limit:16).
 Your intelligence was 19 (limit:20).
 Your wisdom was 13 (limit:20).
 Your charisma was 12 (limit:18).

Final Status:
 You were satiated.
 You were unencumbered.
 You were wielding a dagger.
 You had basic skill with dagger.

Final Attributes:
 You were piously aligned.
 You were magic-protected.
 You were sleep resistant.
 You were poison resistant.
 You were telepathic.
 You had infravision.
 You were warded.
 You are dead.

Miscellaneous:
 You encountered 1 bones level.
 Total elapsed playing time was 2 hours, 50 minutes and 52 seconds.

Major events:
 Turn
    1: FalseGod the chaotic male elven Wizard entered the dungeon
 1225: attained the rank of Conjurer (level 3)
 1233: entered the Gnomish Mines
 2238: attained the rank of Thaumaturge (level 6)
 2379: reached Mine Town
 6668: killed by an imp, while praying

Spells:
 Name                 Level Category     Fail Retention
 force bolt             1   attack         0%   66%-70%
 detect monsters        1   divination     0%   61%-70%

Skills:
 Fighting Skills
   bare handed combat [Unskilled]
   riding             [Unskilled]
 Weapon Skills
   dagger             [Basic]
   knife              [Unskilled]
   axe                [Unskilled]
   short sword        [Unskilled]
   club               [Unskilled]
   mace               [Unskilled]
   quarterstaff       [Basic]
   polearms           [Unskilled]
   spear              [Unskilled]
   trident            [Unskilled]
   sling              [Unskilled]
   dart               [Unskilled]
   shuriken           [Unskilled]
 Spellcasting Skills
   attack spells      [Skilled]
   healing spells     [Unskilled]
   divination spells  [Basic]
   enchantment spells [Basic]
   clerical spells    [Unskilled]
   escape spells      [Unskilled]
   matter spells      [Unskilled]

Voluntary challenges:
 Character rerolling was not enabled.
 You never genocided any monsters.
 You never polymorphed an object.
 You never changed form.
 You used no wishes.
Achievements:
 You attained the rank of Conjurer.
 You entered the Gnomish Mines.
 You attained the rank of Thaumaturge.
 You entered Minetown.
 You entered a shop.
 You entered a temple.

 The Dungeons of Doom: levels 1 to 7
    Level 1:
       A grave.
    Level 2: "vault"
       Stairs down to The Gnomish Mines.
    Level 3:
       A general store, a fountain.
    Level 4: "vault + spellbooks"
       A grave.
    Level 5: "stash >"
       A fountain.
    Level 6: "shop" <- You were here.
       Final resting place for
          you, killed by an imp, while praying,
          Atomicjoy-Wiz-Elf-Mal-Cha, killed by a giant ant.
    Level 7:
 The Gnomish Mines: levels 3 to 5
    Level 3:
    Level 4:
    Level 5:
       Some shops, a temple and an altar, some fountains.


Vanquished creatures:
  a ghost
  a small mimic
  a large cat
  a watchman
  a giant beetle
  a quivering blob
  2 spotted jellies
  a lizard
  a dingo
  a dwarf leader
  a black unicorn
  a gnome mummy
  2 fire ants
  2 wood nymphs
  a mountain nymph
  a rock piercer
  a pony
  a fog cloud
  2 violet fungi
  7 gnome leaders
  2 gnomish wizards
  a gray ooze
  3 giant ants
  a little dog
  2 floating eyes
  2 kittens
  5 dwarves
  3 homunculi
  2 kobold shamans
  3 rothes
  2 rabid rats
  a giant bat
  5 monkeys
 an orc zombie
  a wererat
  2 werejackals
  a gas spore
  4 hobbits
  2 manes
  2 hobgoblins
  a giant rat
  a yellow mold
  2 green molds
  a red mold
 23 gnomes
  2 garter snakes
  a gnome zombie
  2 geckos
  7 jackals
  2 foxes
  2 kobolds
  3 goblins
  5 sewer rats
  3 grid bugs
  6 lichens
  2 kobold zombies
  4 newts
142 creatures vanquished.

No species were genocided or became extinct.

Game over:
                       ----------
                      /          \
                     /    REST    \
                    /      IN      \
                   /     PEACE      \
                  /                  \
                  |     FalseGod     |
                  |      77 Au       |
                  | killed by an imp |
                  |                  |
                  |                  |
                  |                  |
                  |       2026       |
                 *|     *  *  *      | *
        _________)/\\_//(\/(/\)/\//\/|_)_______

Goodbye FalseGod the Wizard...

You died in The Dungeons of Doom on dungeon level 6 with 4918 points,
and 77 pieces of gold, after 6668 moves.
You were level 7 with a maximum of 35 hit points when you died.

